 Dungeon Crawl Stone Soup version 0.31-a0-364-gb59cdcccf2 (webtiles) character file.

Game seed: 9431655642341278445

154 floatRand the Trooper (level 5, -6/55 HPs)
             Began as an Ogre Cinder Acolyte on July 27, 2023.
             Was a High Priest of Ignis.
             Killed from afar by an orc wizard (8 damage)
             ... with a magic dart
             ... on level 3 of the Dungeon.
             The game lasted 00:02:39 (1764 turns).

floatRand the Trooper (Ogre Cinder Acolyte)         Turns: 1764, Time: 00:02:43

Health: -6/55      AC:  6    Str: 17 (18) XL:     5   Next: 35%
Magic:  7/7        EV:  7    Int: 16 (17) God:    Ignis [*****.]
Gold:   179        SH:  6    Dex:  1 (4)  Spells: 4/6 levels left

rFire   + . .        a - -1 mace (flame)
rCold   . . .        h - +1 kite shield {AC+3}
rNeg    . . .        b - +0 robe
rPois   .            (helmet restricted)
rElec   .            (no cloak)
rCorr   .            (gloves unavailable)
SInv    .            (boots unavailable)
Will    .....        (no amulet)
Stlth   +            c - +4 ring of slaying
HPRegen 0.29/turn    (no ring)
MPRegen 0.10/turn

%: no passive effects
@: no status effects
A: large, unfitting armour, tough skin 1
a: Renounce Religion, Fiery Armour, Foxfire Swarm, Rising Flame


You were on level 3 of the Dungeon.
You worshipped Ignis.
Ignis was extremely pleased with you.
You visited 1 branch of the dungeon, and saw 3 of its levels.

You collected 179 gold pieces.

Inventory:

Hand Weapons
 a - a -1 mace of flaming (weapon)
Armour
 b - a +0 robe (worn)
 h - a +1 kite shield of protection (worn)
Jewellery
 c - a +4 ring of slaying (left hand)
 e - an amulet of guardian spirit
 p - an amulet of regeneration
Scrolls
 d - 2 scrolls of identify {unknown}
 f - 2 scrolls of poison {unknown}
 g - a scroll of enchant armour {unknown}
 j - a scroll of blinking {unknown}
 l - a scroll of immolation {unknown}
 o - 2 scrolls of teleportation {unknown}
Potions
 i - a potion of degeneration
 k - a potion of haste {unknown}
 m - a potion of magic {unknown}
 n - 2 potions of ambrosia {unknown}


   Skills:
 + Level 4.4 Fighting
 * Level 4.2 Maces & Flails
 + Level 0.9 Dodging
 + Level 0.1 Stealth
 + Level 0.7 Shields
 + Level 1.3 Spellcasting
 * Level 3.4 Fire Magic


You had 4 spell levels left.
You knew the following spells:

 Your Spells              Type           Power      Damage    Failure   Level
a - Scorch                Fire           24%        2d6       26%         2

Your spell library contained the following spells:

 Spells                   Type           Power      Damage    Failure   Level
 Summon Small Mammal      Summ           4%         N/A       56%         1
 Call Canine Familiar     Summ           1%         N/A       90%         3
 Summon Guardian Golem    Hex/Summ       1%         N/A       90%         3
 Fireball                 Conj/Fire      3%         3d4       100%        5
 Iskenderun's Battlesphe  Conj           1%         2d6       100%        5
 Conjure Ball Lightning   Conj/Air       0%         3x3d6     100%        6
 Orb of Destruction       Conj           0%         9d5       100%        7


Dungeon Overview and Level Annotations

Branches:
Dungeon (3/15)

Altars:
Nemelex Xobeh
Wu Jian


Innate Abilities, Weirdness & Mutations

You are too large for most types of armour.
You have tough skin. (AC +1)


Message History

You hear some strange, mumbled words.
A magic dart appears from out of thin air!
The magic dart hits you.
Unknown command.
You bump into the rock wall.
Something hits you. The orc hits you but does no damage.
Unknown command.
You're too confused to move!
The orc completely misses you.
Unknown command.
You bump into the rock wall.
The orc hits you but does no damage.
You're too confused to move!
You feel less confused. The orc hits you with a +0 whip.
You hit the orc. You burn the orc.
You kill the orc!
The bat barely misses you.
You barely miss something. Something hits you.
You hear some strange, mumbled words.
You are confused.
You bump into the rock wall.
Something hits you!
* * * LOW HITPOINT WARNING * * *
You bump into the rock wall.
Something hits you.
* * * LOW HITPOINT WARNING * * *
You bump into the rock wall.
You hear some strange, mumbled words.
A puff of flame appears from out of thin air!
The puff of flame hits you. You resist.
* * * LOW HITPOINT WARNING * * *
You're too confused to move!
You feel less confused. Something hits you.
* * * LOW HITPOINT WARNING * * *
Unknown command.
It was a potion of degeneration.
There was something very wrong with that liquid.
You feel weakened.
You feel dopey.
You feel clumsy.
You hear some strange, mumbled words.
A magic dart appears from out of thin air!
The magic dart hits you!
You die...

.. #)..........
#.### #...........
......
#...........
......
#########...
......# ##########
#... .......
#........# #...
......)##........#
#...
.)....bw{........#
#...
......###@########
##.. ..... #)##
#.. .... #..## ##.
... ##..# ##### #.
## ##.## #...###.
#..## ###.#.#...
##..# #...#.#...
##.###.###.#...
#..##.###.#...


You could see a worm and a bat.

Vanquished Creatures
  An orc wizard (D:3)
  3 gnolls (D:2)
  An adder (D:2)
  A dart slug (D:3)
  3 orcs (D:3)
  3 bats
  14 endoplasms
  7 giant cockroaches
  8 goblins
  10 hobgoblins
  6 jackals
  4 kobolds
  A quokka (D:1)
  5 ball pythons
  5 frilled lizards
  8 rats
80 creatures vanquished.

Notes
Turn   | Place    | Note
-------+----------+-------------------------------------------
     0 | D:1      | floatRand the Ogre Cinder Acolyte began the quest for the
                  | Orb.
     0 | D:1      | Reached XP level 1. HP: 24/24 MP: 2/2
     2 | D:1      | Found a runed translucent door.
   157 | D:1      | Reached XP level 2. HP: 26/32 MP: 3/3
   177 | D:1      | Learned a level 2 spell: Scorch
   667 | D:1      | Reached XP level 3. HP: 30/39 MP: 4/4
   864 | D:2      | Found an ornate altar of the Wu Jian Council.
   963 | D:2      | Reached XP level 4. HP: 48/48 MP: 4/6
  1480 | D:3      | Reached XP level 5. HP: 48/55 MP: 7/7
  1635 | D:3      | Found a sparkling altar of Nemelex Xobeh.
  1763 | D:3      | HP: 2/55 [something (2)]
  1764 | D:3      | Killed from afar by an orc wizard

Illustrated notes

Levels and vault maps discovered:
D:1:      dpeg_arrival_caged_fury, layout_basic, minmay_tromino_v2
D:2:      layout_rooms, basic_altar, minmay_fractal_squares_gapless_5
D:3:      layout_basic, nemelex_dance_club_becter

Skill      XL: |  1  2  3  4 |
---------------+-------------+-----
Fire Magic     | 3 |  3.4
Maces & Flails | 3 4 |  4.2
Fighting       | |  4.4
Dodging        | |  0.9
Stealth        | |  0.1
Shields        | |  0.7
Spellcasting   | |  1.3

Action                     |  1- 3 |  4- 6 || total
---------------------------+-------+-------++-------
  Melee: Mace              |   108 |    90 ||   198
   Cast: Scorch            |     2 |       ||     2
    Use: Potion            |       |     1 ||     1
 Armour: Robe              |    53 |    45 ||    98
  Dodge: Dodged            |    44 |    25 ||    69
  Block: Kite shield       |    20 |    34 ||    54

Table legend: (Time is in decaauts)
 A = Elapsed time spent in this place.
 B = Non-inter-level travel time spent in this place.
 C = Inter-level travel time spent in this place.
 D = Time resting spent in this place.
 E = Time spent auto-exploring this place.
 F = Levels seen in this place.
 G = Mean time per level.
                   A        B        C        D        E       F      G
               +--------+--------+--------+--------+--------+-----+--------+
         Total |   1835 |   1824 |     11 |      0 |   1192 |   3 |  611.7 |
       Dungeon |   1835 |   1824 |     11 |      0 |   1192 |   3 |  611.7 |
               +--------+--------+--------+--------+--------+-----+--------+

Top non-repeatable levels by time:
     D:1: 896 daAuts
     D:2: 590 daAuts
     D:3: 348 daAuts
